 Dungeon Crawl Stone Soup version 0.26.1-11-gd32895ea62 (webtiles) character file.

Game seed: 18438538782599491653

296 lia the Magician (level 6, -1/34 HPs)
             Began as a Deep Elf Earth Elementalist on May 22, 2021.
             Slain by a worker ant (3 damage)
             ... on level 4 of the Dungeon on May 25, 2021.
             The game lasted 00:12:04 (3709 turns).

lia the Magician (Deep Elf Earth Elementalist)      Turns: 3709, Time: 00:12:05

Health: -1/34      AC:  2    Str:  5    XL:     6   Next: 12%
Magic:  17/17      EV: 13    Int: 22    God:
Gold:   193        SH:  0    Dex: 15    Spells: 11/17 levels left

rFire    x . .     SeeInvis +   d - +0 club
rCold    + . .     Faith    .   (no shield)
rNeg     . . .     Spirit   .   c - +0 robe
rPois    .         Reflect  .   (no helmet)
rElec    .         Harm     .   (no cloak)
rCorr    .         Rampage  .   (no gloves)
Will     .....                  (no boots)
Stlth    ++........             g - amulet of magic regeneration
HPRegen  0.11/turn              e - ring of ice
MPRegen  0.40/turn              i - ring of see invisible

@: lethally poisoned (-1 -> -14)
A: no striking features
a: no special abilities


You were on level 4 of the Dungeon.
You visited 1 branch of the dungeon, and saw 4 of its levels.
You also visited: Ossuary.

You collected 193 gold pieces.

Inventory:

Hand Weapons
 d - a +0 club (weapon)
 h - a +0 spear
Armour
 c - a +0 robe (worn)
 n - a cursed +0 leather armour
Jewellery
 e - a ring of ice (left hand)
 g - an amulet of magic regeneration (around neck)
 i - a ring of see invisible (right hand)
 o - an uncursed ring of fire {unknown}
 s - an uncursed ring of poison resistance {unknown}
 u - an uncursed amulet of faith {unknown}
Scrolls
 f - 3 scrolls of noise {unknown}
 l - 2 scrolls of enchant weapon {unknown}
 m - a scroll of fog {unknown}
 p - 2 scrolls of immolation {unknown}
 q - 2 scrolls of magic mapping {unknown}
 t - 3 scrolls of blinking {unknown}
 v - 2 scrolls of enchant armour {unknown}
Potions
 a - a potion of berserk rage {unknown}
 j - 3 potions of curing {unknown}
 k - a potion of mutation {unknown}
 r - a potion of lignification {unknown}


   Skills:
 + Level 1.5 Fighting
 - Level 2.6 Dodging
 - Level 2.4 Stealth
 * Level 6.0 Spellcasting
 - Level 1.1 Transmutations
 * Level 5.5 Earth Magic


You had 11 spell levels left.
You knew the following spells:

 Your Spells              Type           Power        Failure   Level
a - Sandblast             Erth           60%          1%          1
b - Lee's Rapid Deconstr  Erth           15%          26%         5

Your spell library contained the following spells:

 Spells                   Type           Power        Failure   Level
 Passwall                 Tmut/Erth      17%          3%          2
 Stone Arrow              Conj/Erth      36%          9%          3
 Petrify                  Tmut/Erth      21%          24%         4


Dungeon Overview and Level Annotations

Branches:
Dungeon (4/15)            Ossuary (visited)
 Temple: D:4-7

Altars:
Gozag
Zin

Annotations:
D:4 3 runed translucent doors, Zeld's ghost, amateur OpMo


Message History

You feel sick. The worker ant closely misses you. The worker ant bites you.
You are lethally poisoned!
The worker ant poisons you!
You barely miss the worker ant.
The worker ant is lightly wounded.
You feel sick. The worker ant barely misses you.
You closely miss the worker ant.
The worker ant is lightly wounded.
You feel sick. The worker ant closely misses you.
The worker ant barely misses you.
You barely miss the worker ant.
The worker ant is lightly wounded.
* * * LOW HITPOINT WARNING * * *
You feel sick. The worker ant bites you.
* * * LOW HITPOINT WARNING * * *
You closely miss the worker ant.
The worker ant is lightly wounded.
* * * LOW HITPOINT WARNING * * *
You feel sick. The worker ant bites you.
You die...

#. #.########.#
#.#........ ..
##.........#######
....#.....#......
#.###..#.....#..#.#..
#..B@....#...+...#...
#####..#.#...+.....$.
#........+W..#.$.
#........#..#.#..
####.....#.......
###.#.########
#.#.........
#...........
#...........


You could see a worker ant.

Vanquished Creatures
  A water moccasin zombie (Ossuary)
  A hound (D:4)
  2 worker ants (D:4)
  3 big kobold zombies (Ossuary)
  4 adders
  6 adder zombies (Ossuary)
  A dart slug (D:1)
  2 leopard geckos
  An orc (D:3)
  A ball python (D:3)
  3 giant cockroaches (D:1)
  A gnoll zombie (Ossuary)
  5 goblins
  5 hobgoblins
  A kobold (D:1)
  A quokka (D:3)
  6 bats
  A frilled lizard (D:1)
  2 hobgoblin zombies (Ossuary)
  2 kobold zombies (Ossuary)
  7 orc zombies (Ossuary)
  5 rats
61 creatures vanquished.

Notes
Turn   | Place    | Note
-------+----------+-------------------------------------------
     0 | D:1      | lia the Deep Elf Earth Elementalist began the quest for the
                  | Orb.
     0 | D:1      | Reached XP level 1. HP: 10/10 MP: 6/6
   134 | D:1      | Reached XP level 2. HP: 11/15 MP: 0/8
   497 | D:1      | Reached skill level 4 in Spellcasting
   817 | D:2      | Reached XP level 3. HP: 13/19 MP: 8/10
  1171 | D:2      | Found a glowing silver altar of Zin.
  1172 | D:2      | Found an opulent altar of Gozag.
  1911 | D:4      | Reached XP level 4. HP: 24/24 MP: 7/12
  1917 | D:4      | Reached skill level 5 in Spellcasting
  2237 | D:4      | Reached skill level 1 in Fighting
  2237 | D:4      | Reached XP level 5. HP: 14/29 MP: 11/14
  2537 | D:4      | Found a runed translucent gate.
  2537 | D:4      | Found a runed translucent gate.
  2538 | D:4      | Found a sand-covered staircase.
  2538 | D:4      | Found a runed translucent gate.
  2561 | Ossuary  | Entered an ossuary
  2608 | Ossuary  | Reached skill level 5 in Earth Magic
  2665 | Ossuary  | Reached XP level 6. HP: 29/34 MP: 6/16
  2675 | Ossuary  | Reached skill level 6 in Spellcasting
  3176 | Ossuary  | Learned a level 5 spell: Lee's Rapid Deconstruction
  3188 | Ossuary  | HP: 1/34 [something (9)]
  3691 | D:4      | Noticed Zeld's ghost (amateur OpMo)
  3709 | D:4      | Slain by a worker ant

Illustrated notes

Levels and vault maps discovered:
D:1:      amcnicky_arrival_double_pillar, layout_rooms
D:2:      layout_basic, grunt_temple_overflow_gold_and_silver, uniq_natasha
D:3:      layout_loops_cross
D:4:      wad_river_or_something, layout_loops_cross, gammafunk_ghost_split,
          serial_shops, shop, nicolae_shop_behind_doors, shop,
          chequers_ossuary_entry_cave, uniq_edmund

Skill      XL: |  1  2  3  4  5  6 |
---------------+-------------------+-----
Spellcasting   | 4 5 6 |  6.0
Earth Magic    | 4 5 |  5.5
Fighting       | 1 |  1.5
Dodging        | |  2.6
Stealth        | |  2.4
Transmutations | |  1.1

Action                   |  1- 3 |  4- 6 || total
-------------------------+-------+-------++-------
Melee: Club              |    15 |    33 ||    48
 Cast: Sandblast         |    43 |    52 ||    95
Armor: Robe              |     4 |     7 ||    11
Dodge: Dodged            |    28 |    41 ||    69
